 Dungeon Crawl Stone Soup version 0.28.0-53-g5a82cb258f (webtiles) character file.

Game seed: 10726618183282323125

5471 Zeld the Cleaver (level 10, -8/96 HPs)
             Began as a Minotaur Berserker on May 24, 2022.
             Was an Elder of Trog.
             Killed by refrigeration
             ... invoked by Fannar
              (24 damage)
             ... on level 10 of the Dungeon.
             The game lasted 00:05:31 (8554 turns).

Zeld the Cleaver (Minotaur Berserker)               Turns: 8554, Time: 00:05:32

Health: -8/96      AC: 18    Str: 26    XL:     10   Next: 42%
Magic:  9/9        EV:  9    Int:  4    God:    Trog [****..]
Gold:   706        SH:  5    Dex: 10    Spells: 9/9 levels left

rFire   . . .      SeeInvis .   y - +4 broad axe (venom)
rCold   . . .      Faith    .   (no shield)
rNeg    . . .      Spirit   .   b - +0 plate armour
rPois   .          Reflect  +   (helmet restricted)
rElec   .          Harm     .   f - +2 cloak
rCorr   +          Rampage  .   H - +0 pair of gloves
Will    ++...                   (no boots)
Stlth   ..........              a - amulet of reflection
HPRegen 1.26/turn               j - ring of flight
MPRegen 0.11/turn               w - ring of resist corrosion

@: strong-willed, flying, regenerating
A: horns 2, retaliatory headbutt
a: Renounce Religion, Berserk, Trog's Hand, Brothers in Arms


You were on level 10 of the Dungeon.
You worshipped Trog.
Trog was greatly pleased with you.
You visited 2 branches of the dungeon, and saw 11 of its levels.

You collected 706 gold pieces.

Inventory:

Hand Weapons
 y - a +4 broad axe of venom (weapon)
Armour
 b - a +0 plate armour (worn)
 f - a +2 cloak (worn)
 H - a +0 pair of gloves (worn)
Jewellery
 a - an amulet of reflection (around neck)
 j - a ring of flight (left hand)
 w - a ring of resist corrosion (right hand)
 G - a ring of see invisible
Wands
 v - a wand of iceblast (27)
 x - a wand of flame (11)
 C - a wand of acid (10)
Scrolls
 e - 4 scrolls of fear {unknown}
 h - a scroll of acquirement {unknown}
 i - a scroll of enchant weapon {unknown}
 l - 5 scrolls of identify {unknown}
 q - 2 scrolls of amnesia {unknown}
 r - 2 scrolls of blinking {unknown}
 s - 4 scrolls of teleportation {unknown}
 A - 3 scrolls of noise {unknown}
 B - 4 scrolls of enchant armour {unknown}
 I - a scroll of vulnerability {unknown}
Potions
 c - a potion of resistance
 d - 4 potions of curing {unknown}
 g - 2 potions of degeneration {unknown}
 k - a potion of invisibility {unknown}
 m - a potion of mutation {unknown}
 n - a potion of lignification {unknown}
 o - a potion of ambrosia {unknown}
 p - a potion of might {unknown}
 t - 2 potions of magic {unknown}
 u - 7 potions of attraction {unknown}
 z - a potion of berserk rage {unknown}
 E - a potion of heal wounds {unknown}
 F - a potion of brilliance {unknown}
Miscellaneous
 D - a lightning rod (4/4)


   Skills:
 * Level 11.4 Fighting
 * Level 11.4 Axes
 + Level 7.9 Armour
 + Level 7.3 Dodging


You had 9 spell levels left.
You didn't know any spells.
Your spell library was empty.

Dungeon Overview and Level Annotations

Branches:
Dungeon (10/15)            Temple (1/1) D:5             Orc (0/2) D:10
   Lair: D:8-11

Altars:
Ashenzari
Cheibriados
Dithmenos
Elyvilon
Fedhas
Gozag
Hepliaklqana
Kikubaaqudgha
Makhleb
Nemelex Xobeh
Okawaru
Qazlal
Ru
Sif Muna
Trog
Uskayaw
Vehumet
Wu Jian
Xom
Yredelemnul
Zin
The Shining One

Annotations:
D:10 Fannar


Innate Abilities, Weirdness & Mutations

You have a pair of horns on your head.
You reflexively headbutt those who attack you in melee.


Message History

Unknown command.
You barely miss Fannar. Your headbutt misses Fannar.
Fannar is moderately wounded.
Fannar hits you with a staff of cold. Fannar freezes you.
Unknown command.
You closely miss Fannar.
Fannar is moderately wounded.
Fannar casts a spell.
Unknown command.
You slash Fannar!
Fannar looks as sick as possible!
Your headbutt misses Fannar.
Fannar is heavily wounded.
You slash the ice beast!
The ice beast is poisoned.
Fannar casts a spell.
Fannar drains the heat from the surrounding environment!
The ice beast hits you but does no damage.
You closely miss Fannar.
Fannar is heavily wounded.
You slice the ice beast!!
You kill the ice beast!
The ice beast disappears in a puff of smoke!
Fannar hits you with a staff of cold. Fannar freezes you!
Unknown command.
You are too injured to fight recklessly!
You are too injured to fight recklessly!
You closely miss Fannar. Your headbutt misses Fannar.
Fannar is heavily wounded.
Fannar gestures wildly while chanting.
Fannar drains the heat from the surrounding environment!
* * * LOW HITPOINT WARNING * * *
Unknown command.
Your skin crawls.
You feel strong-willed. Trog will no longer gift you weapons.
Fannar hits you but does no damage. Fannar freezes you!
* * * LOW HITPOINT WARNING * * *
Fannar glares icily.
Fannar mumbles some strange words.
Fannar drains the heat from the surrounding environment!
You die...

# ###>###
####.......
###..........
##....#.......
##....###.....#
#...e.## .8.8.#
#.@....# .....
#..#.#..# #+#..
#.##.##.# .
#.#...#.#
#.#)..#.#
#.##.##.# #
#..#.#..#
#.#..)....+
#.##.....###


You could see Fannar (very poisoned).

Vanquished Creatures
  Maggie (D:7)
  Edmund (D:4)
  An acid dragon (D:9)
  7 water moccasins
  3 black bears
  3 orc warriors
  An ice beast (D:6)
  A sky beast (D:7)
  A necrophage (D:7)
  A phantom (D:4)
  5 centaurs
  3 kobold brigands
  3 bullfrogs
  A water moccasin zombie (D:5)
  6 scorpions
  A water moccasin skeleton (D:6)
  6 killer bees (D:8)
  5 wights (D:9)
  6 howler monkeys
  5 hounds
  A bullfrog zombie (D:5)
  2 centaur zombies
  8 orc priests
  A jelly (D:6)
  3 bullfrog skeletons
  A centaur skeleton (D:6)
  8 iguanas
  12 orc wizards
  A hound skeleton (D:4)
  A howler monkey zombie (D:8)
  3 gnolls (D:6)
  8 adders
  2 shadow imps
  A white imp (D:6)
  A worm (D:5)
  A dart slug (D:5)
  28 orcs
  4 endoplasms
  4 giant cockroaches
  6 goblins
  3 hobgoblins
  12 jackals
  2 quokkas (D:4)
  7 ball pythons
  6 bats
  7 frilled lizards
  13 kobolds
  8 rats
215 creatures vanquished.

Vanquished Creatures (others)
  An orc (D:8)
  8 fungi (D:5)
  3 plants (D:5)
12 creatures vanquished.

Grand Total: 227 creatures vanquished

Notes
Turn   | Place    | Note
-------+----------+-------------------------------------------
     0 | D:1      | Zeld the Minotaur Berserker began the quest for the Orb.
     0 | D:1      | Reached XP level 1. HP: 19/19 MP: 0/0
   319 | D:1      | Reached XP level 2. HP: 22/27 MP: 1/1
   443 | D:1      | Found a faded altar of an unknown god.
  1104 | D:2      | Reached XP level 3. HP: 33/33 MP: 2/2
  1128 | D:2      | Identified the +8 war axe "Nussapeg" {drain, rElec Dex+3}
  1218 | D:2      | Reached ** piety under Trog
  1437 | D:3      | Reached XP level 4. HP: 38/41 MP: 3/3
  1491 | D:3      | Reached skill level 5 in Axes
  1830 | D:3      | Reached XP level 5. HP: 42/47 MP: 4/4
  2053 | D:3      | Found an opulent altar of Gozag.
  2053 | D:3      | Found a glowing silver altar of Zin.
  2160 | D:4      | Reached skill level 5 in Fighting
  2278 | D:4      | Noticed Edmund
  2287 | D:4      | Killed Edmund
  2288 | D:4      | Reached XP level 6. HP: 32/56 MP: 5/5
  2303 | D:4      | Noticed a water moccasin
  2310 | D:4      | Killed a water moccasin
  2696 | D:4      | Reached XP level 7. HP: 54/63 MP: 6/6
  3181 | D:5      | Entered Level 5 of the Dungeon
  3211 | D:5      | Found a staircase to the Ecumenical Temple.
  3223 | Temple   | Entered the Ecumenical Temple
  3707 | D:5      | Reached *** piety under Trog
  4049 | D:5      | Reached skill level 5 in Armour
  4049 | D:5      | Reached XP level 8. HP: 73/73 MP: 7/7
  4385 | D:5      | Reached skill level 5 in Dodging
  4861 | D:6      | Reached XP level 9. HP: 75/83 MP: 8/8
  5027 | D:6      | Found a broken altar of Ashenzari.
  5536 | D:7      | Reached **** piety under Trog
  5654 | D:7      | Reached skill level 10 in Fighting
  5654 | D:7      | Reached skill level 10 in Axes
  5836 | D:7      | Noticed Maggie
  5849 | D:7      | Killed Maggie
  6494 | D:7      | Found a white marble altar of Elyvilon.
  6501 | D:7      | Found a shimmering altar of Xom.
  6553 | D:7      | Found a sparkling altar of Nemelex Xobeh.
  6556 | D:7      | Found an ornate altar of the Wu Jian Council.
  6966 | D:8      | Reached XP level 10. HP: 72/94 MP: 9/9
  7798 | D:9      | Found a hazy altar of Hepliaklqana.
  8026 | D:9      | Found an iron altar of Okawaru.
  8304 | D:9      | Found a sacrificial altar of Ru.
  8498 | D:10     | Entered Level 10 of the Dungeon
  8526 | D:10     | Reached ***** piety under Trog
  8537 | D:10     | Found a staircase to the Orcish Mines.
  8538 | D:10     | Noticed Fannar
  8554 | D:10     | Killed from afar by Fannar

Illustrated notes

Levels and vault maps discovered:
D:1:      nzn_arrival_water_spiral, layout_basic, ebering_ecumenical_altar_hall
D:2:      layout_rooms
D:3:      layout_rooms, grunt_temple_overflow_gold_and_silver
D:4:      layout_basic, chequers_serial_rivers_large_a, minmay_misc_feat_tower,
          uniq_edmund
D:5:      old_forge, layout_gridville, minmay_temple_entry_hall,
          minmay_stone_trees_medium, hangedman_abyss_or_decor_stabs,
          lexackson_kobold_supper
D:6:      minmay_skewed_foursquare, layout_basic, ashenzari_conservatory_becter
D:7:      layout_rooms, grunt_temple_overflow_open, uniq_maggie
D:8:      layout_loops_ring
D:9:      layout_roguey, okawaru_trees_2, amcnicky_altar_gilded,
          nicolae_ru_great_annihilating_truth, kennysheep_generic_room_11
D:10:     layout_rooms, david_orc_1_choice, uniq_nergalle, uniq_fannar,
          uniq_sonja
Temple:   minmay_temple_forest_path

Skill      XL: |  1  2  3  4  5  6  7  8  9 10 |
---------------+-------------------------------+-----
Axes           | 4 5 6 7 9 10 11 | 11.4
Fighting       | 4 5 6 7 9 10 11 | 11.4
Armour         | 3 4 5 6 7 |  7.9
Dodging        | 3 4 5 6 7 |  7.3

Action                   |  1- 3 |  4- 6 |  7- 9 | 10-12 || total
-------------------------+-------+-------+-------+-------++-------
Melee: Hand axe          |    31 |       |       |       ||    31
       Headbutt          |     5 |     6 |    22 |    11 ||    44
       War axe           |    14 |    56 |   190 |       ||   260
       Punch             |       |       |     2 |       ||     2
       Broad axe         |       |       |    28 |   101 ||   129
Invok: Berserk           |       |     1 |       |       ||     1
       Trog's Hand       |       |       |       |     1 ||     1
 Stab: Paralysed         |       |       |       |     1 ||     1
Armor: Animal skin       |     4 |       |       |       ||     4
       Plate armour      |    26 |    35 |   155 |    60 ||   276
Dodge: Dodged            |    25 |    23 |    78 |    32 ||   158
Block: Other             |       |       |     3 |    12 ||    15
